 Dungeon Crawl Stone Soup version 0.31-a0-1576-ga3383bade6 (webtiles) character file.

Game seed: 11014783843868856338

1669 monsoonserge the Zephyrmancer (level 9, -5/47 HPs)
             Began as a Tengu Air Elementalist on Jan 5, 2024.
             Was a Follower of Vehumet.
             Slain by Duvessa
             ... wielding a +0 short sword
              (8 damage)
             ... on level 7 of the Dungeon.
             The game lasted 00:20:57 (6452 turns).

monsoonserge the Zephyrmancer (TeAE)                Turns: 6452, Time: 00:20:58

Health: -5/47      AC: 16    Str: 10 (12) XL:     9   Next: 1%
Magic:  2/14       EV: 13    Int: 19 (20) God:    Vehumet [*.....]
Gold:   351        SH:  0    Dex:  7 (8)  Spells: 6/14 levels left

rFire   . . .        p - +3 trident
rCold   . . .        (no shield)
rNeg    . . .        E - +6 scale mail of the Silversmith {Rampage Str+3 Dex-4}
rPois   .            (helmet restricted)
rElec   .            a - +0 cloak
rCorr   .            (no gloves)
SInv    .            (boots unavailable)
Will    +....        B - amulet of regeneration Stlth
                     z - ring of willpower
HPRegen 1.07/turn    (no ring)
MPRegen 0.14/turn

%: random rage (3%), acrobat, rampage
@: mighty, attractive, flying
A: beak, talons 3, evasive flight, acrobatic, berserk 1, clumsy 1, shaggy fur 1
a: Renounce Religion


You were on level 7 of the Dungeon.
You worshipped Vehumet.
Vehumet was aware of your devotion.
You visited 2 branches of the dungeon, and saw 8 of its levels.

You collected 351 gold pieces.

Inventory:

Hand Weapons
 l - a +0 dagger of speed
 p - a +3 trident (weapon)
 D - a +2 dagger of pain
Missiles
 m - 4 boomerangs (quivered)
 r - 4 darts of dispersal
 w - 3 throwing nets
 A - 2 atropa-tipped darts
Armour
 a - a +0 cloak (worn)
 k - the +2 scale mail of Rediupou {Rampage rC++ Str+4}
   (You found it on level 3 of the Dungeon)

   Str+4:     It affects your strength (+4).
   rC++:      It greatly protects you from cold.
   Rampage:   It bestows one free step when moving towards enemies.
 o - a +3 leather armour
 E - the +6 scale mail of the Silversmith (worn) {Rampage Str+3 Dex-4}
   (You found it on level 6 of the Dungeon)

   Str+3:     It affects your strength (+3).
   Dex-4:     It affects your dexterity (-4).
   Rampage:   It bestows one free step when moving towards enemies.
Jewellery
 z - a ring of willpower (left hand)
 B - an amulet of regeneration (around neck)
Wands
 q - a wand of roots (11)
 s - a wand of flame (32)
Scrolls
 c - 2 scrolls of enchant armour {unknown}
 d - 2 scrolls of poison {unknown}
 f - a scroll of vulnerability {unknown}
 g - 4 scrolls of fog {unknown}
 h - 10 scrolls of identify {unknown}
 i - a scroll of silence {unknown}
 j - a scroll of butterflies {unknown}
 t - 3 scrolls of teleportation {unknown}
 y - 3 scrolls of blinking {unknown}
 C - a scroll of noise {unknown}
Potions
 b - a potion of magic
 e - a potion of degeneration
 n - a potion of might
 v - a potion of lignification {unknown}
 x - a potion of attraction


   Skills:
 - Level 1.0 Fighting
 + Level 0.9(3.0) Axes
 + Level 4.6(4.7) Polearms
 * Level 7.8 Armour
 - Level 3.0 Dodging
 - Level 2.0 Stealth
 - Level 3.0 Spellcasting
 - Level 3.0 Conjurations
 + Level 8.5 Air Magic


You had 6 spell levels left.
You knew the following spells:

 Your Spells              Type           Power      Damage    Failure   Level
a - Shock                 Conj/Air       96%        1d9       8%          1
b - Airstrike             Air            17%        2d(3-19)  24%         4
c - Swiftness             Air            35%        N/A       7%          3

Your spell library contained the following spells:

 Spells                   Type           Power      Damage    Failure   Level
 Sandblast                Erth           4%         2d4       61%         1
 Static Discharge         Conj/Air       48%        3-5/arc   11%         2


Dungeon Overview and Level Annotations

Branches:
Dungeon (7/15)             Temple (1/1) D:4

Altars:
Ashenzari
Cheibriados
Dithmenos
Fedhas
Hepliaklqana
Kikubaaqudgha
Makhleb
Nemelex Xobeh
Okawaru
Qazlal
Sif Muna
Vehumet
Wu Jian
Xom
Yredelemnul
Zin
The Shining One

Annotations:
D:2 Sigmund
D:7 Duvessa


Innate Abilities, Weirdness & Mutations

You have a beak for a mouth.
You have claws for feet.
Your magical flight helps you evade attacks. (EV +4)
You can magically evade attacks while moving or waiting.
You sometimes lose your temper in combat.
You are clumsy. (Dex -2)
You are covered in fur. (AC +1)


Message History

Your experience leads to an increase in your attributes!
Your base attributes are Str 9, Int 18, Dex 14.
Increase (S)trength, (I)ntelligence, or (D)exterity?
You feel clever. x2
Casting: Shock (safe; 5% risk of failure)
Confirm with . or Enter, or press ? or * to list all spells.
Okay, then.
Casting: Shock (safe; 5% risk of failure)
Confirm with . or Enter, or press ? or * to list all spells.
Aiming: Shock (safe; 5% risk of failure)
Press: ? - help, Shift-Dir - straight line The zap hits Duvessa.
Duvessa is heavily wounded.
Duvessa closely misses you.
Unknown command.
Casting: Shock (safe; 5% risk of failure)
Confirm with . or Enter, or press ? or * to list all spells.
Aiming: Shock (safe; 5% risk of failure)
Press: ? - help, Shift-Dir - straight line The zap hits Duvessa.
Duvessa is heavily wounded.
Duvessa hits you with a +0 short sword!
* * * LOW HITPOINT WARNING * * *
Duvessa hits you but does no damage.
Your magical contamination has completely faded away.
It was a potion of degeneration.
There was something very wrong with that liquid.
You feel weakened.
You feel dopey.
You feel clumsy. Duvessa hits you but does no damage.
It was a potion of might.
You feel very mighty all of a sudden. Duvessa hits you but does no damage.
Duvessa hits you with a +0 short sword.
* * * LOW HITPOINT WARNING * * *
It was a potion of attraction.
You feel attractive to monsters. Duvessa completely misses you.
It was a potion of mutation.
You feel extremely strange.
You feel clumsy.
You feel a little pissed off. Fur sprouts all over your body.
Duvessa hits you with a +0 short sword!
You die...

.....>.#.#.#
#.##...#.#.#
#.##...#.#.#
#.#....#.#.#
#.#.#..#.#.#
#.#.<..#.#.#
#.#......#.#
##.##########.###..#...#
#........e@).......#.###
#....(#######.###..#.#
#.#.........#...#..#.#
#+#. ...#^###)#..#.# ee
#.......#..#.# ..
...#.......#.# ...
+.......#.# ...
#......## #.##..>#


You could see Duvessa (berserk, fast).

Vanquished Creatures
  A water moccasin (D:6)
  3 ice beasts
  3 ogres
  A phantom (D:6)
  A bullfrog (D:6)
  3 scorpions
  Dowan (D:7)
  A bombardier beetle (D:6)
  4 hounds
  4 jellies
  Jessica (D:2)
  Natasha (thrice) (D:4)
  5 iguanas
  An orc wizard (D:5)
  3 gnolls (D:5)
  2 adders
  A white imp (D:6)
  2 ufetubi (D:5)
  13 orcs
  8 ball pythons
  3 endoplasms
  2 giant cockroaches
  7 goblins
  5 hobgoblins
  7 jackals
  6 kobolds
  A quokka (D:4)
  5 bats
  A frilled lizard (D:2)
  4 rats
102 creatures vanquished.

Notes
Turn   | Place    | Note
-------+----------+-------------------------------------------
     0 | D:1      | monsoonserge the Tengu Air Elementalist began the quest for
                  | the Orb.
     0 | D:1      | Reached XP level 1. HP: 10/10 MP: 4/4
   350 | D:1      | Reached XP level 2. HP: 15/15 MP: 4/6
   891 | D:2      | Reached XP level 3. HP: 19/19 MP: 0/7
  1084 | D:2      | Reached skill level 5 in Air Magic
  1292 | D:2      | Noticed Jessica
  1301 | D:2      | Killed Jessica
  1302 | D:2      | Reached XP level 4. HP: 7/24 MP: 0/8
  1407 | D:2      | Learned a level 4 spell: Airstrike
  1812 | D:2      | Noticed Sigmund
  1917 | D:3      | Identified the +2 scale mail of Rediupou {Rampage rC++
                  | Str+4}
  2111 | D:3      | Reached skill level 1 in Armour
  2850 | D:4      | Found a staircase to the Ecumenical Temple.
  2861 | Temple   | Entered the Ecumenical Temple
  2877 | Temple   | Became a worshipper of Vehumet
  2955 | D:4      | Noticed a scorpion
  2962 | D:4      | Killed a scorpion
  2963 | D:4      | Reached XP level 5. HP: 17/28 MP: 8/10
  3109 | D:4      | Reached skill level 6 in Air Magic
  3205 | D:4      | Noticed Natasha
  3210 | D:4      | Killed Natasha
  3211 | D:4      | Reached XP level 6. HP: 32/32 MP: 6/11
  3264 | D:4      | Noticed Natasha
  3273 | D:4      | Killed Natasha
  3388 | D:4      | Reached skill level 1 in Polearms
  3552 | D:4      | Noticed Natasha
  3562 | D:4      | Killed Natasha
  3772 | D:4      | Gained mutation: Your magical flight helps you evade
                  | attacks. (EV +4) [Tengu growth]
  3772 | D:4      | Reached XP level 7. HP: 30/36 MP: 4/12
  3989 | D:5      | Entered Level 5 of the Dungeon
  4285 | D:5      | Learned a level 3 spell: Swiftness
  4337 | D:5      | Reached skill level 7 in Air Magic
  4552 | D:5      | Reached skill level 5 in Armour
  4967 | D:6      | Reached * piety under Vehumet
  4967 | D:6      | Offered knowledge of Sandblast by Vehumet.
  5160 | D:6      | Reached XP level 8. HP: 42/42 MP: 7/13
  5215 | D:6      | Found a shimmering altar of Xom.
  5217 | D:6      | Found a shimmering altar of Xom.
  5220 | D:6      | Found a shimmering altar of Xom.
  5221 | D:6      | Found a shimmering altar of Xom.
  5428 | D:6      | Reached skill level 1 in Fighting
  5496 | D:6      | Found a blossoming altar of Fedhas.
  5639 | D:6      | Reached skill level 8 in Air Magic
  5843 | D:6      | Identified the +6 scale mail of the Silversmith {Rampage
                  | Str+3 Dex-4}
  6098 | D:6      | Found a basalt altar of Yredelemnul.
  6099 | D:6      | Found a shimmering blue altar of Sif Muna.
  6431 | D:7      | Noticed Duvessa
  6431 | D:7      | Noticed Dowan
  6446 | D:7      | Killed Dowan
  6447 | D:7      | Reached XP level 9. HP: 14/47 MP: 4/14
  6450 | D:7      | HP: 1/47 [Duvessa/+0 short sword (5)]
  6452 | D:7      | Gained mutation: You are clumsy. (Dex -2) [potion of
                  | mutation]
  6452 | D:7      | Gained mutation: You sometimes lose your temper in combat.
                  | [potion of mutation]
  6452 | D:7      | Gained mutation: You are covered in fur. (AC +1) [potion of
                  | mutation]
  6452 | D:7      | Slain by Duvessa

Illustrated notes

Levels and vault maps discovered:
D:1:      erik_arrival_triangle_small, layout_basic
D:2:      layout_basic, uniq_jessica, uniq_sigmund
D:3:      layout_loops_corners
D:4:      layout_loops_ring, minmay_temple_entry_waves, minmay_bisected,
          uniq_natasha
D:5:      layout_gridville
D:6:      layout_basic, xom_redecorated, mainiacjoe_overflow_24_doors,
          nicolae_overflow_two_pavilions
D:7:      layout_basic, chequers_serial_rivers_large_a, due_unseen_surprise,
          uniq_duvessa
Temple:   nicolae_temple_bog_church

Skill      XL: |  1  2  3  4  5  6  7  8 |
---------------+-------------------------+-----
Conjurations   | 2 3 |  3.0
Air Magic      | 5 6 7 8 |  8.5
Armour         | 1 2 3 5 7 |  7.8
Spellcasting   | 3 |  3.0
Polearms       | 1 2 4 |  4.6
Dodging        | 3 |  3.0
Fighting       | 1 |  1.0
Axes           | |  0.9
Stealth        | |  2.0

Action                     |  1- 3 |  4- 6 |  7- 9 || total
---------------------------+-------+-------+-------++-------
  Melee: Quarterstaff      |     7 |       |       ||     7
         Kick              |     1 |    12 |    18 ||    31
         Peck              |     1 |     2 |    12 ||    15
         War axe           |       |    16 |       ||    16
         Trident           |       |    27 |    69 ||    96
         Short sword       |       |     4 |       ||     4
         Flail             |       |     1 |       ||     1
   Cast: Shock             |    54 |    64 |    96 ||   214
         Airstrike         |       |       |     1 ||     1
    Use: Potion            |       |       |     4 ||     4
 Armour: Robe              |     7 |       |       ||     7
         Scale mail        |       |    46 |    69 ||   115
         Leather armour    |       |     4 |       ||     4
  Dodge: Dodged            |     7 |    34 |    61 ||   102

Table legend: (Time is in decaauts)
 A = Elapsed time spent in this place.
 B = Non-inter-level travel time spent in this place.
 C = Inter-level travel time spent in this place.
 D = Time resting spent in this place.
 E = Time spent auto-exploring this place.
 F = Levels seen in this place.
 G = Mean time per level.
                   A        B        C        D        E       F      G
               +--------+--------+--------+--------+--------+-----+--------+
         Total |   6482 |   6218 |    264 |    371 |   4535 |   8 |  810.2 |
       Dungeon |   6450 |   6199 |    251 |    371 |   4535 |   7 |  921.4 |
        Temple |     31 |     18 |     13 |      0 |      0 |   1 |   31.0 |
               +--------+--------+--------+--------+--------+-----+--------+

Top non-repeatable levels by time:
     D:6: 1216 daAuts
     D:4: 1180 daAuts
     D:2: 976 daAuts
     D:1: 955 daAuts
     D:5: 952 daAuts
     D:3: 867 daAuts
     D:7: 302 daAuts
  Temple: 31 daAuts
